 Dungeon Crawl Stone Soup version 0.18.1-48-g4cf74bf (webtiles) character file.

226867 Theokoles the Sorcerer (level 18, -3/96 HPs)
             Began as a Deep Elf Conjurer on June 25, 2016.
             Was the Champion of Vehumet.
             Slain by a catoblepas (12 damage)
             ... led by Polyphemus
             ... on level 3 of the Shoals on June 26, 2016.
             The game lasted 04:59:14 (47434 turns).

Theokoles the Sorcerer (Deep Elf Conjurer)         Turns: 47434, Time: 04:59:15

Health: -3/96      AC: 17    Str:  5    XL:     18   Next: 66%
Magic:  33/61      EV:  2    Int: 38    God:    Vehumet [******]
Gold:   1176       SH:  0    Dex: 15    Spells: 10 memorised, 6 levels left

rFire  . . .     SeeInvis +     W - staff of power
rCold  + + .     Gourm    .     b - +2 robe {Archmagi}
rNeg   + + +     Faith    .     T - +0 buckler
rPois  ∞         Spirit   .     B - +1 helmet {Int+3}
rElec  .         Dismiss  .     a - +2 cloak
rCorr  .         Reflect  .     X - +1 pair of gloves
SustAt .         Harm     .     e - +1 pair of boots {run}
MR     ++...                    q - amulet of magic regeneration
Stlth  +++.......               O - ring of poison resistance
                                U - ring "Qudozix" {rC++ Str-2 Int+6 SInv}

@: petrified, quick, very resistant to hostile enchantments, fairly stealthy
A: icy blue scales 1, rugged brown scales 1, slimy green scales 1, camouflage 1,
blurry vision 1, clever 1, magic resistance 1, robust 1
a: Renounce Religion
}: 1/15 runes: gossamer


You were on level 3 of the Shoals.
You worshipped Vehumet.
Vehumet was exalted by your worship.
You were not hungry.

You visited 6 branches of the dungeon, and saw 32 of its levels.
You visited 1 bazaar.
You also visited: Ossuary and Volcano.

You collected 3358 gold pieces.
You spent 2182 gold pieces at shops.

Inventory:

Armour
 a - a +2 cloak (worn)
 b - a +2 robe of the Archmagi (worn)
 e - a +1 pair of boots of running (worn)
 m - the +1 robe "Odwul" {Str+2 Int+2}
   (You bought it in a shop in a bazaar)

   It affects your strength (+2).
   It affects your intelligence (+2).
 p - the +4 skin of Zhor {rC+++}
   (You found it on level 3 of the Shoals)

   It renders you almost immune to cold.
 B - a +1 helmet of intelligence (worn)
 T - a +0 buckler (worn)
 X - a +1 pair of gloves (worn)
Magical Staves
 W - an uncursed staff of power (weapon)
Jewellery
 h - an uncursed ring of wizardry
 l - an uncursed ring of protection from fire
 q - an amulet of magic regeneration (around neck)
 t - an uncursed ring of sustain attributes
 H - an uncursed ring of protection from magic
 O - a ring of poison resistance (right hand)
 U - the ring "Qudozix" (left hand) {rC++ Str-2 Int+6 SInv}
   (You found it on level 11 of the Dungeon)

   [ring of see invisible]

   It affects your strength (-2).
   It affects your intelligence (+6).
   It greatly protects you from cold.
   It lets you see invisible.
Wands
 u - a wand of iceblast (5/15)
 C - a wand of heal wounds (4/9)
 F - a wand of digging (18/24)
Scrolls
 g - 10 scrolls of identify
 i - 11 scrolls of remove curse
 o - 9 scrolls of teleportation
 r - 4 scrolls of blinking
 s - 3 scrolls of magic mapping
 y - a scroll of enchant weapon
 D - a scroll of brand weapon {unknown}
 E - 7 scrolls of fear
 R - 2 scrolls of recharging
Potions
 j - 6 potions of lignification
 k - 4 potions of curing
 n - 5 potions of cancellation
 w - 8 potions of flight
 x - 4 potions of haste
 z - 8 potions of brilliance
 G - 4 potions of invisibility
 I - a potion of cure mutation
 J - a potion of resistance
Books
 f - a book of the Dragon

   Spells                             Type                      Level
   a - Flame Tongue                   Conjuration/Fire             1
   b - Cause Fear                     Hexes                        4
   c - Bolt of Fire                   Conjuration/Fire             6
   d - Dragon Form                    Transmutation                7
   e - Dragon's Call                  Summoning                    9
 L - a book of Transfigurations

   Spells                             Type                      Level
   a - Irradiate                      Conjuration/Transmutation    5
   b - Statue Form                    Transmutation/Earth          6
   c - Hydra Form                     Transmutation                6
   d - Dragon Form                    Transmutation                7
Miscellaneous
 V - a legendary deck of escape {Solitude}
Comestibles
 c - 18 bread rations
 v - 6 meat rations
 A - 2 beef jerkies
 Y - 11 royal jellies


   Skills:
 - Level 10.6 Dodging
 - Level 2.4 Stealth
 + Level 22.9 Spellcasting
 + Level 19.9 Conjurations
 - Level 12.6 Charms
 - Level 5.0 Summonings
   Level 6.3 Translocations
 + Level 15.0 Fire Magic
 - Level 2.0 Air Magic
 - Level 1.5 Earth Magic


You had 6 spell levels left.
You knew the following spells:

 Your Spells              Type           Power        Failure   Level  Hunger
a - Spellforged Servitor  Conj/Summ      ########..   1%          7    None
b - Bolt of Fire          Conj/Fire      ########..   1%          6    None
c - Dazzling Spray        Conj/Hex       ######       1%          3    None
d - Iskenderun's Battles  Conj/Chrm      ########     1%          5    None
e - Mephitic Cloud        Conj/Pois/Air  #######.     1%          3    None
f - Fireball              Conj/Fire      ########..   1%          5    None
g - Ring of Flames        Chrm/Fire      ########..   2%          7    None
h - Iron Shot             Conj/Erth      ########..   1%          6    None
i - Bolt of Magma         Conj/Fire/Erth ########..   1%          5    None
j - Fire Storm            Conj/Fire      ########..   17%         9    ####...


Dungeon Overview and Level Annotations

Branches:
Dungeon (14/15)            Temple (1/1) D:6            Lair (8/8) D:11
 Shoals (3/4) Lair:3       Spider (4/4) Lair:3        Slime (0/6) Lair:8
    Orc (2/2) D:9             Elf (0/3) Orc:2        Vaults (0/5) D:14

Altars:
Ashenzari
Cheibriados
Dithmenos
Elyvilon
Fedhas
Gozag
Kikubaaqudgha
Makhleb
Nemelex Xobeh
Okawaru
Pakellas
Qazlal
Ru
Sif Muna
Trog
Vehumet
Xom
Yredelemnul
Zin
The Shining One
Beogh
Jiyva

Shops:
D:5 *   D:7 [%=!(   Orc:2 (}!(

Portals:
Trove: D:10 (give 8 scrolls of blinking)

Annotations:
D:3 drofenvy's ghost, amateur GrMo


Innate Abilities, Weirdness & Mutations

You are partially covered in icy blue scales (AC +1).
You are partially covered in rugged brown scales (AC +1, +3% HP).
You are partially covered in slimy green scales (AC +2).
Your skin changes colour to match your surroundings (Stealth).
Scrolls take you a little longer to read.
Your mind is acute. (Int +2)
You are resistant to hostile enchantments.
You are robust (+10% HP).


Message History

The merfolk throws a tomahawk of returning.
The tomahawk of returning completely misses your spellforged servitor.
The tomahawk of returning hits the catoblepas.
The weapon returns to the merfolk!
The catoblepas gores you.
The plant is engulfed in a cloud of scalding steam.
The merfolk throws a tomahawk of returning.
The tomahawk of returning hits your spellforged servitor but does no damage.
The weapon returns to the merfolk!
The catoblepas gores you! The catoblepas gores you!
* * * LOW HITPOINT WARNING * * *
The merfolk hits your spellforged servitor with a trident!!
Your spellforged servitor is destroyed!
The catoblepas gores you!!
* * * LOW HITPOINT WARNING * * *
All of the chunks of flesh in your inventory have rotted away.
The catoblepas gores you!
* * * LOW HITPOINT WARNING * * *
The merfolk hits you but does no damage.
The catoblepas gores you!!
You die...

≈≈≈≈≈..........≈
#...≈≈≈≈≈≈≈≈≈≈..#...≈≈≈.≈≈
....≈≈≈≈≈≈≈≈≈..###...≈≈≈P≈
.......≈≈÷≈≈..# #...≈≈≈≈≈
##.....≈≈≈≈≈..###...≈≈P≈≈
##.....§..≈≈≈..(.#..≈≈≈≈≈≈
.......§#.≈≈≈≈...)..≈≈≈≈≈≈
#.......##...........≈≈≈P≈
##[..†mY@...........≈P≈P≈
).(.≈.)..............≈≈P≈≈
.†..≈....≈≈.....:....≈≈≈≈≈
#.(.≈≈PPP.≈.P.P.P....≈≈≈≈≈
###....P≈............≈≈P≈≈
######PP.....PP).≈≈≈≈P≈≈
####.P.....P.≈≈≈≈≈≈≈≈
#.PPPP...P.P≈≈≈≈≈≈≈≈≈
#.PPPP.P≈≈≈P≈P≈≈≈P≈P≈


You could see a catoblepas and a merfolk.

Vanquished Creatures
  Norris (Spider:2)
  Saint Roka (Orc:2)
  Nikola (Shoals:1)
  Asterion (Spider:1)
  Polyphemus (Shoals:3)
  Roxanne (Shoals:3)
  An azure jelly (Lair:8)
  A frost giant (Shoals:2)
  2 emperor scorpions (Spider:4)
  5 ghost moths
  Louise (Shoals:3)
  The ghost of SirMajesto the Warrior, a journeyman OgBe of Trog (Orc:1)
  Azrael (Spider:2)
  3 spark wasps
  Snorg (Lair:6)
  4 death oozes (Lair:8)
  A merfolk javelineer (Shoals:2)
  An entropy weaver (Spider:3)
  A great orb of eyes (Lair:8)
  The ghost of razgard the Unseen, a journeyman SpEn of Okawaru (Shoals:1)
  6 merfolk impalers
  Erolcha (D:13)
  2 fire dragons
  Erica (D:8)
  Harold (D:10)
  7 hydras
  4 merfolk avatars
  A dancing weapon (D:14)
  2 merfolk aquamancers
  A satyr (Shoals:2)
  5 death yaks
  5 orc high priests (Orc:2)
  Urug (Lair:1)
  A deep elf knight (Volcano)
  A wizard (D:14)
  An iron troll (D:11)
  6 sea snakes
  2 deep trolls (D:11)
  A deep troll (shapeshifter) (D:13)
  4 hill giants
  5 orc knights
  Pikel (D:7)
  23 orb spiders
  3 orc sorcerers (Orc:2)
  7 ugly things
  5 harpies (Shoals:2)
  5 hornets
  28 wolf spiders
  7 deep elf magi
  7 griffons
  7 cyclopes
  3 manticores
  3 moths of wrath
  Maurice (D:13)
  2 water nymphs
  8 black mambas
  3 sirens
  10 elephants
  A guardian serpent (Lair:8)
  A gargoyle (D:12)
  3 torpor snails
  24 spiny frogs
  3 rime drakes (Lair:8)
  A kobold demonologist (D:13)
  12 komodo dragons
  13 demonic crawlers
  7 trolls
  36 jumping spiders
  17 merfolk
  2 two-headed ogres
  A queen bee (Lair:2)
  4 wind drakes
  2 polar bears
  4 snapping turtles
  15 blink frogs
  A spriggan (D:7)
  8 wyverns
  72 redbacks
  20 tarantellas
  2 wraiths
  55 yaks
  2 vampires
  12 water elementals
  2 basilisks
  3 hungry ghosts
  2 hill giant zombies (D:9)
  3 fire elementals (Spider:2)
  13 hippogriffs
  2 steam dragons (Lair:8)
  6 wargs
  A mottled dragon (D:11)
  24 water moccasins
  8 porcupines
  3 hell hounds
  4 slaves (D:4)
  3 swamp drakes (Lair:8)
  5 sky beasts
  7 wasps
  39 orc warriors
  9 ice beasts
  16 ogres
  A phantom (D:9)
  An eye of draining (Lair:8)
  A necrophage (D:11)
  2 black bears
  18 wolves
  10 centaurs
  23 crocodiles
  A big kobold (D:8)
  Blork the orc (D:4)
  19 giant frogs
  A troll zombie (D:9)
  8 scorpions
  33 killer bees
  8 wights
  5 electric eels
  13 howler monkeys
  7 jellies
  3 centaur zombies
  6 crimson imps
  7 hounds
  A quasit (D:10)
  40 orc wizards
  47 orc priests
  5 centaur skeletons
  3 giant frog skeletons
  9 iguanas
  Natasha (thrice) (D:2)
  18 worker ants
  8 sheep
  3 ogre zombies (D:9)
  2 hound skeletons
  A mummy (Ossuary)
  2 worker ant zombies (D:9)
  Robin (D:3)
  10 gnolls
  3 howler monkey skeletons
  21 adders
  53 river rats
  5 shadow imps
  9 oozes
  2 adder zombies (D:5)
  4 adder skeletons
  4 worms
  6 dart slugs
  A giant gecko (D:9)
  104 orcs
  10 bats
  4 giant cockroaches
  13 goblins
  12 hobgoblins
  24 jackals
  3 quokkas
  4 ball pythons
  A giant gecko skeleton (D:5)
  A giant gecko zombie (D:8)
  9 giant newts
  4 gnoll skeletons (Ossuary)
  3 goblin zombies (D:9)
  A hobgoblin skeleton (D:9)
  6 kobolds
  7 kobold skeletons (Ossuary)
  17 orc skeletons
  12 orc zombies (D:9)
  7 rats
  22 fungi
  33 plants
1405 creatures vanquished.

Vanquished Creatures (collateral kills)
  An emperor scorpion (Spider:3)
  Aizul (Shoals:1)
  Donald (Spider:1)
  A merfolk impaler (Shoals:3)
  A dancing weapon (D:14)
  A death yak (Shoals:3)
  2 orb spiders (Spider:2)
  9 wolf spiders
  A faun (Shoals:1)
  A moth of wrath (Spider:4)
  A centaur skeleton (D:13)
  7 demonic crawlers
  4 jumping spiders
  2 merfolk
  A snapping turtle (Shoals:1)
  2 tarantellas
  11 redbacks
  2 wyverns (D:13)
  2 fire elementals (Spider:2)
  A hell hound (Spider:2)
  A wasp (Spider:4)
  A killer bee (D:12)
  A crimson imp (D:13)
  An orc wizard (D:13)
  A worker ant (D:13)
57 creatures vanquished.

Vanquished Creatures (others)
  A killer bee (Lair:2)
  A quokka (D:4)
  23 fungi
  47 plants
72 creatures vanquished.

Grand Total: 1534 creatures vanquished

Notes
Turn   | Place    | Note
--------------------------------------------------------------
     0 | D:1      | Theokoles the Deep Elf Conjurer began the quest for the Orb.
     0 | D:1      | Reached XP level 1. HP: 10/10 MP: 6/6
   408 | D:1      | Reached XP level 2. HP: 15/15 MP: 6/8
   418 | D:1      | Learned a level 2 spell: Searing Ray
   582 | D:1      | Reached skill level 5 in Conjurations
   838 | D:1      | Reached skill level 4 in Spellcasting
   838 | D:1      | Reached XP level 3. HP: 12/19 MP: 3/10
  1334 | D:2      | Found a faded altar to an unknown god.
  1361 | D:2      | Found an iron altar of Okawaru.
  1438 | D:2      | Noticed Natasha
  1441 | D:2      | Killed Natasha
  1441 | D:2      | Reached XP level 4. HP: 24/24 MP: 7/12
  1502 | D:2      | Learned a level 3 spell: Dazzling Spray
  1550 | D:2      | Noticed Natasha
  1553 | D:2      | Killed Natasha
  1553 | D:2      | Reached skill level 5 in Spellcasting
  1598 | D:2      | Noticed Natasha
  1602 | D:2      | Killed Natasha
  1767 | D:2      | Reached XP level 5. HP: 26/28 MP: 1/14
  1877 | D:2      | Found a sparkling altar of Nemelex Xobeh.
  2216 | D:2      | Learned a level 5 spell: Iskenderun's Battlesphere
  2336 | D:3      | Noticed drofenvy's ghost (amateur GrMo)
  2455 | D:3      | Reached skill level 1 in Charms
  3376 | D:3      | Noticed Robin
  3485 | D:3      | Killed Robin
  3628 | D:4      | Noticed Blork the orc
  3635 | D:4      | Killed Blork the orc
  3635 | D:4      | Reached skill level 6 in Spellcasting
  3635 | D:4      | Reached XP level 6. HP: 24/32 MP: 9/17
  3969 | D:4      | Found a shimmering altar of Xom.
  4460 | D:4      | Reached XP level 7. HP: 36/36 MP: 13/19
  4545 | D:4      | Found a white marble altar of Elyvilon.
  5097 | D:4      | Reached skill level 7 in Spellcasting
  5309 | D:5      | Entered Level 5 of the Dungeon
  5331 | D:5      | Reached skill level 5 in Charms
  5667 | D:5      | Reached XP level 8. HP: 36/41 MP: 12/21
  5743 | D:5      | Reached skill level 8 in Spellcasting
  6397 | D:5      | Found Veorr's General Store.
  6932 | D:5      | Reached skill level 9 in Spellcasting
  7404 | D:6      | You fall through a shaft!
  7435 | D:7      | Noticed Pikel
  7438 | D:7      | Killed Pikel
  7438 | D:7      | Reached XP level 9. HP: 28/45 MP: 12/24
  7732 | D:7      | Found Hema's Jewellery Shoppe.
  7744 | D:7      | Reached skill level 10 in Spellcasting
  7823 | D:7      | Found Cuena's Distillery.
  7826 | D:7      | Bought 2 potions of mutation for 70 gold pieces
  7826 | D:7      | Bought 2 potions of mutation for 70 gold pieces
  7826 | D:7      | Gained mutation: You are partially covered in slimy green scales (AC +2). [potion of mutation]
  7826 | D:7      | Gained mutation: You are clumsy. (Dex -2) [potion of mutation]
  7826 | D:7      | Gained mutation: You are partially covered in icy blue scales (AC +1). [potion of mutation]
  7827 | D:7      | Gained mutation: Scrolls take you a little longer to read. [potion of mutation]
  7827 | D:7      | Gained mutation: You are partially covered in rugged brown scales (AC +1, +3% HP). [potion of mutation]
  7828 | D:7      | Gained mutation: Your skin changes colour to match your surroundings (Stealth). [potion of mutation]
  7828 | D:7      | Gained mutation: Your body sometimes deteriorates upon taking damage. [potion of mutation]
  7829 | D:7      | Gained mutation: Your mind is acute. (Int +2) [potion of mutation]
  7829 | D:7      | Lost mutation: Your body sometimes deteriorates upon taking damage. [potion of mutation]
  7830 | D:7      | Gained mutation: You are robust (+10% HP). [potion of mutation]
  7830 | D:7      | Lost mutation: You are clumsy. (Dex -2) [potion of mutation]
  7995 | D:7      | Found Juina's Weapon Shop.
  8174 | D:7      | Reached skill level 10 in Conjurations
  8240 | D:7      | Found Xufeq's Food Boutique.
  8298 | D:7      | Reached skill level 11 in Spellcasting
  8611 | D:7      | Found a glowing silver altar of Zin.
  8738 | D:6      | Found a staircase to the Ecumenical Temple.
  8753 | Temple   | Entered the Ecumenical Temple
  8810 | Temple   | Became a worshipper of Vehumet
  9890 | D:6      | Reached XP level 10. HP: 56/56 MP: 20/27
 10081 | D:7      | Found Sazicuck's Antique Armour Shop.
 10085 | D:7      | Bought a glowing helmet for 130 gold pieces
 10361 | D:8      | Noticed Erica
 10366 | D:8      | Killed Erica
 10366 | D:8      | Reached skill level 12 in Spellcasting
 10368 | D:8      | Reached * piety under Vehumet
 10368 | D:8      | Offered knowledge of Flame Tongue by Vehumet.
 10778 | D:8      | Found a basalt altar of Yredelemnul.
 10823 | D:8      | Reached skill level 5 in Dodging
 11015 | D:8      | Found a sand-covered staircase.
 11020 | Ossuary  | Entered an ossuary
 11029 | Ossuary  | Reached ** piety under Vehumet
 11030 | Ossuary  | Offered knowledge of Shock by Vehumet.
 11535 | D:8      | Found a bloodstained altar of Trog.
 12083 | D:9      | Offered knowledge of Mephitic Cloud by Vehumet.
 12135 | D:9      | Learned a level 3 spell: Mephitic Cloud
 12478 | D:9      | Reached *** piety under Vehumet
 12559 | D:9      | Reached skill level 13 in Spellcasting
 12768 | D:9      | Found a staircase to the Orcish Mines.
 12972 | D:9      | Offered knowledge of Airstrike by Vehumet.
 13653 | D:9      | Noticed a fire dragon
 13666 | D:9      | Killed a fire dragon
 13666 | D:9      | Reached XP level 11. HP: 31/61 MP: 13/30
 14203 | Orc:1    | Entered Level 1 of the Orcish Mines
 14203 | Orc:1    | Noticed SirMajesto's ghost (journeyman OgBe)
 14428 | D:10     | Entered Level 10 of the Dungeon
 14463 | D:10     | Noticed a purple ugly thing
 14555 | D:10     | Killed a purple ugly thing
 14759 | D:10     | Noticed Harold
 14767 | D:10     | Killed Harold
 15162 | D:10     | Reached **** piety under Vehumet
 15163 | D:10     | Reached skill level 14 in Spellcasting
 15292 | D:10     | Found a portal to a secret trove of treasure.
 15439 | D:10     | Found a deep blue altar of Sif Muna.
 15743 | D:10     | Offered knowledge of Fireball by Vehumet.
 15750 | D:10     | Learned a level 5 spell: Fireball
 16310 | D:11     | Found a labyrinth entrance.
 16310 | D:11     | Noticed a hill giant
 16310 | D:11     | Noticed a white ugly thing
 16330 | D:10     | Killed a hill giant
 16519 | D:11     | Found a runed door.
 16520 | D:11     | Got a warped bronze ring
 16559 | D:11     | Found a runed door.
 16664 | D:11     | Identified the ring "Qudozix" {rC++ Str-2 Int+6 SInv} (You found it on level 11 of the Dungeon)
 16785 | D:11     | Noticed a hill giant
 16792 | D:11     | Killed a hill giant
 16795 | D:11     | Found a staircase to the Lair.
 16878 | D:11     | Noticed a hill giant
 17180 | D:11     | Lost strength.
 17291 | D:11     | Killed a hill giant
 17409 | D:11     | Noticed a cyan ugly thing
 17437 | D:10     | Killed a white ugly thing
 17437 | D:10     | Reached skill level 15 in Spellcasting
 17437 | D:10     | Reached XP level 12. HP: 27/66 MP: 24/33
 17661 | D:11     | Reached skill level 10 in Dodging
 18146 | D:10     | Learned a level 7 spell: Ring of Flames
 18214 | Lair:1   | Entered Level 1 of the Lair of Beasts
 18273 | Lair:1   | Noticed Urug
 18276 | Lair:1   | Killed Urug
 18276 | Lair:1   | Reached skill level 1 in Fire Magic
 18357 | Lair:1   | Reached ***** piety under Vehumet
 18357 | Lair:1   | Offered knowledge of Iron Shot by Vehumet.
 18548 | Lair:1   | Learned a level 6 spell: Iron Shot
 19618 | Lair:2   | Reached skill level 16 in Spellcasting
 20738 | Lair:3   | Reached skill level 5 in Fire Magic
 21272 | Lair:3   | Reached XP level 13. HP: 71/71 MP: 24/35
 21570 | Lair:3   | Found a staircase to the Shoals.
 21769 | Lair:3   | Found a hole to the Spider Nest.
 22632 | Lair:4   | Offered knowledge of Force Lance by Vehumet.
 23062 | Lair:4   | Reached skill level 17 in Spellcasting
 23070 | Lair:4   | Reached skill level 15 in Conjurations
 24691 | Lair:5   | Reached skill level 1 in Air Magic
 24700 | Lair:5   | Found a dark tunnel.
 24706 | Volcano  | Entered a volcano
 25395 | Lair:6   | Noticed Snorg
 25400 | Lair:6   | Killed Snorg
 25620 | Lair:6   | Offered knowledge of Venom Bolt by Vehumet.
 25779 | Lair:6   | Reached XP level 14. HP: 76/76 MP: 37/37
 25839 | Lair:6   | Found a glowing silver altar of Zin.
 26393 | Lair:7   | Reached XP level 15. HP: 81/81 MP: 30/38
 26572 | Lair:7   | Reached skill level 18 in Spellcasting
 27343 | Lair:8   | Entered Level 8 of the Lair of Beasts
 27633 | Lair:8   | Reached skill level 10 in Charms
 28280 | Lair:8   | Noticed an azure jelly
 28355 | Lair:8   | Killed an azure jelly
 28488 | Lair:8   | Found a viscous altar of Jiyva.
 28488 | Lair:8   | Found a staircase to the Slime Pits.
 28502 | Lair:8   | Found a viscous altar of Jiyva.
 28581 | Lair:8   | Offered knowledge of Bolt of Magma by Vehumet.
 28772 | Lair:8   | Reached skill level 19 in Spellcasting
 30374 | Lair:8   | Got a pitted quarterstaff
 30375 | Lair:8   | Identified the +4 quarterstaff of Victory {elec, Dex+2} (You found it on level 8 of the Lair of Beasts)
 30463 | Lair:8   | Gained mutation: You are resistant to hostile enchantments. [potion of beneficial mutation]
 30878 | Lair:2   | Learned a level 5 spell: Bolt of Magma
 32664 | Orc:1    | Killed SirMajesto's ghost
 32767 | Orc:1    | Offered knowledge of Ozocubu's Refrigeration by Vehumet.
 33015 | Orc:1    | Found a burning altar of Makhleb.
 33272 | Orc:2    | Entered Level 2 of the Orcish Mines
 33415 | Orc:2    | Noticed Saint Roka
 33695 | Orc:2    | Reached XP level 16. HP: 85/85 MP: 41/41
 33794 | Orc:2    | Found a staircase to the Elven Halls.
 33935 | Orc:2    | Found a roughly hewn altar of Beogh.
 34341 | Orc:2    | Reached skill level 10 in Fire Magic
 34658 | Orc:2    | Found Raahoor's Antique Weapon Emporium.
 34658 | Orc:2    | Found Yhau's Weapon Emporium.
 34659 | Orc:2    | Found Huelud's Distillery.
 34659 | Orc:2    | Found Qumilyim's Gadget Emporium.
 34753 | Orc:2    | Killed Saint Roka
 34803 | Orc:2    | Reached ****** piety under Vehumet
 35214 | Orc:2    | Bought a legendary deck of defence for 286 gold pieces
 35216 | Orc:2    | Bought a potion of heal wounds for 70 gold pieces
 35216 | Orc:2    | Bought a potion of heal wounds for 70 gold pieces
 35216 | Orc:2    | Bought 2 potions of curing for 84 gold pieces
 35216 | Orc:2    | Bought a potion of curing for 42 gold pieces
 35359 | D:7      | Bought a pair of embroidered boots for 130 gold pieces
 35364 | D:7      | Identified a +1 pair of boots of running (You bought it in a shop on level 7 of the Dungeon)
 35657 | D:12     | Reached skill level 20 in Spellcasting
 35667 | D:12     | Found a flickering gateway to a bazaar.
 35673 | D:12     | Offered knowledge of Spellforged Servitor by Vehumet.
 35693 | Bazaar   | Entered a bazaar
 35713 | Bazaar   | Found Gubbamm's Food Emporium.
 35713 | Bazaar   | Found Paph's Magic Scroll Shoppe.
 35734 | Bazaar   | Found Xutheisk's Book Emporium.
 35734 | Bazaar   | Found Follec's Food Shoppe.
 35755 | Bazaar   | Found Liuxt's Magic Scroll Emporium.
 35777 | Bazaar   | Found Nediag's Assorted Antiques.
 35865 | Bazaar   | Bought a heavily jewelled robe for 91 gold pieces
 35865 | Bazaar   | Bought a bubbling cyan potion for 14 gold pieces
 35865 | Bazaar   | Bought a scroll of identify for 32 gold pieces
 35875 | Bazaar   | Identified the cursed +1 robe "Odwul" {Str+2 Int+2} (You bought it in a shop in a bazaar)
 35879 | Bazaar   | Bought a paperback book for 240 gold pieces
 35887 | Bazaar   | Learned a level 7 spell: Spellforged Servitor
 35935 | Bazaar   | Bought a scroll of identify for 34 gold pieces
 35935 | Bazaar   | Bought a scroll of blinking for 127 gold pieces
 35935 | Bazaar   | Bought 3 scrolls of identify for 102 gold pieces
 35935 | Bazaar   | Bought a scroll of teleportation for 51 gold pieces
 35961 | Bazaar   | Bought a scroll of identify for 36 gold pieces
 35961 | Bazaar   | Bought a scroll of teleportation for 54 gold pieces
 35961 | Bazaar   | Bought a scroll of identify for 36 gold pieces
 35961 | Bazaar   | Bought a scroll of blinking for 135 gold pieces
 35961 | Bazaar   | Bought a scroll of identify for 36 gold pieces
 35961 | Bazaar   | Bought a scroll of magic mapping for 63 gold pieces
 35987 | Bazaar   | Bought a scroll of magic mapping for 59 gold pieces
 36025 | Bazaar   | Bought a scroll of identify for 32 gold pieces
 36025 | Bazaar   | Bought a scroll of identify for 32 gold pieces
 36025 | Bazaar   | Bought a scroll of magic mapping for 56 gold pieces
 36806 | D:13     | Noticed Erolcha
 36806 | D:13     | Noticed Maurice
 36810 | D:13     | Killed Erolcha
 36905 | D:13     | Killed Maurice
 37650 | D:14     | Found a gate to the Vaults.
 37729 | D:14     | Reached skill level 1 in Summonings
 38431 | Spider:1 | Entered Level 1 of the Spider Nest
 38614 | Spider:1 | Offered knowledge of Bolt of Fire by Vehumet.
 38622 | Spider:1 | Learned a level 6 spell: Bolt of Fire
 39111 | Spider:1 | Noticed Donald
 39113 | Spider:1 | Noticed Asterion
 39119 | Spider:1 | Killed Asterion
 39119 | Spider:1 | Killed Donald
 40443 | Spider:2 | Reached XP level 17. HP: 90/90 MP: 11/43
 40588 | Spider:2 | Noticed Norris
 40593 | Spider:2 | Killed Norris
 40593 | Spider:2 | Reached skill level 5 in Summonings
 40779 | Spider:2 | Reached skill level 1 in Earth Magic
 40908 | Spider:2 | Noticed Azrael
 40924 | Spider:2 | Killed Azrael
 40976 | Spider:2 | Offered knowledge of Lehudib's Crystal Spear by Vehumet.
 40976 | Spider:2 | Offered knowledge of Fire Storm by Vehumet.
 40976 | Spider:2 | Offered knowledge of Glaciate by Vehumet.
 41136 | Spider:2 | Learned a level 9 spell: Fire Storm
 41224 | Spider:2 | Reached skill level 21 in Spellcasting
 41306 | Spider:2 | Found a roughly hewn altar of Beogh.
 43013 | Spider:4 | Entered Level 4 of the Spider Nest
 44922 | Spider:4 | Got a gossamer rune of Zot
 44937 | Spider:4 | Reached skill level 22 in Spellcasting
 45212 | Spider:1 | Reached XP level 18. HP: 96/96 MP: 46/46
 45356 | Shoals:1 | Entered Level 1 of the Shoals
 45369 | Shoals:1 | Noticed Aizul
 45372 | Shoals:1 | Killed Aizul
 45379 | Shoals:1 | Noticed Nikola
 45387 | Shoals:1 | Killed Nikola
 45950 | Shoals:1 | Noticed razgard's ghost (journeyman SpEn)
 45990 | Shoals:1 | Killed razgard's ghost
 47213 | Shoals:3 | Noticed Louise
 47216 | Shoals:3 | Killed Louise
 47247 | Shoals:3 | Noticed Roxanne
 47353 | Shoals:3 | Killed Roxanne
 47414 | Shoals:3 | Noticed Polyphemus
 47420 | Shoals:3 | Killed Polyphemus
 47420 | Shoals:3 | Reached skill level 15 in Fire Magic
 47434 | Shoals:3 | Slain by a catoblepas

Skill      XL: |  1  2  3  4  5  6  7  8  9 10 11 12 13 14 15 16 17 18 |
---------------+-------------------------------------------------------+-----
Conjurations   | 5 6 7 9 10 12 13 14 15 17 18 19 | 19.9
Spellcasting   | 4 5 6 7 9 11 13 15 16 17 19 20 22 | 22.9
Charms         | 3 4 5 9 12 | 12.6
Dodging        | 7 9 10 | 10.6
Fire Magic     | 5 8 9 12 13 15 | 15.0
Air Magic      | 2 |  2.0
Translocations | 6 |  6.3
Summonings     | 4 5 |  5.0
Earth Magic    | 1 |  1.5
Stealth        | |  2.4

Action                   |  1- 3 |  4- 6 |  7- 9 | 10-12 | 13-15 | 16-18 || total
-------------------------+-------+-------+-------+-------+-------+-------++-------
Melee: Unarmed           |     5 |       |       |       |       |       ||     5
       Dagger            |       |     1 |     1 |       |       |       ||     2
       Staff             |       |       |       |     2 |     6 |     7 ||    15
 Cast: Magic Dart        |    65 |   135 |   116 |   138 |    16 |       ||   470
       Searing Ray       |       |    18 |    88 |   180 |    55 |       ||   341
       Iskenderun's Batt |       |       |     9 |    48 |    34 |     2 ||    93
       Mephitic Cloud    |       |       |       |    30 |    18 |     3 ||    51
       Fireball          |       |       |       |   100 |   414 |   178 ||   692
       Bolt of Magma     |       |       |       |       |    26 |    52 ||    78
       Iron Shot         |       |       |       |       |     9 |    43 ||    52
       Ring of Flames    |       |       |       |       |     9 |       ||     9
       Bolt of Fire      |       |       |       |       |       |   416 ||   416
       Spellforged Servi |       |       |       |       |       |    50 ||    50
Evoke: Wand              |       |       |     4 |     6 |       |     1 ||    11
  Use: Scroll            |     1 |     9 |     3 |    17 |     7 |    15 ||    52
       Potion            |       |       |     5 |     3 |     3 |    17 ||    28
  Eat: Chunk             |     1 |    10 |    16 |    12 |    25 |    21 ||    85
       Pizza             |       |       |     1 |     3 |     2 |     1 ||     7
       Bread ration      |       |       |       |     4 |     1 |     3 ||     8
       Beef jerky        |       |       |       |     3 |     1 |     2 ||     6
       Fruit             |       |       |       |       |       |     2 ||     2
Armor: Robe              |     1 |    12 |    21 |    74 |    32 |    95 ||   235
Dodge: Dodged            |    12 |    39 |    58 |   237 |   162 |   228 ||   736
Block: Buckler           |       |       |       |       |       |    22 ||    22
